Cogmind - Beta 13 @@@ ROGUE MODE // 2024.04.28 @ 16:17:34 Player: Exceptionally Mediocre Result: Destroyed by G-47 Trooper with Particle Gun Performance ------------- Evolutions (2) 1000 Regions Visited (5) 1000 Robots Destroyed (62) 310 Value Destroyed (1476) 1476 Prototype IDs (1) 20 Alien Tech Used (0) 0 Bonus (306) 306 TOTAL SCORE: 4112 Bonus ------- Follower Combat Kills 306 Cogmind --------- Core Integrity 0/550 Matter 290/300 Energy 69/100 System Corruption 7% Temperature Cool (23) Movement Treading (400) Ox3 Location -8/Materials Parts ------- > --- POWER (1) -------- (None) > --- PROPULSION (6) --- Light Treads Light Treads > --- UTILITY (2) ------ Cargo Storage Unit > --- WEAPON (2) ------- Ion Cannon Flail > --- INVENTORY (30) --- Improved Flight Unit Improved Flight Unit Improved Flight Unit Improved Flight Unit Improved Heat Sink High-capacity Matter Pod (200) Structural Scanner Signal Interpreter Improved Targeting Computer Improved Targeting Computer Improved Targeting Computer Core Analyzer Core Analyzer Armor Integrity Analyzer Improved Power Shielding Light Armor Plating Light Armor Plating Medium Armor Plating Medium Armor Plating Makeshift System Restoration Module Spread Laser Spread Laser Spread Laser Missile Launcher Missile Launcher Missile Launcher Mace Mace Peak State ------------ > --- POWER ------------ Makeshift Power Source > --- PROPULSION ------- Light Treads Light Treads Light Treads Advanced Treads Advanced Treads Advanced Treads > --- UTILITY ---------- Cargo Storage Unit > --- WEAPON ----------- Makeshift Shrapnel Gun Mini Grenade Launcher > --- INVENTORY -------- Improved Ion Engine Light Nuclear Core Aluminum Leg Improved Flight Unit Improved Flight Unit Improved Flight Unit Improved Flight Unit Heat Sink Improved Heat Sink High-capacity Matter Pod Structural Scanner Signal Interpreter Improved Targeting Computer Improved Targeting Computer Improved Targeting Computer Light Armor Plating Light Armor Plating Light Armor Plating Medium Armor Plating Makeshift System Restoration Module Spread Laser Spread Laser Spread Laser Spread Laser Rocket Launcher Mini Grenade Launcher Mini Grenade Launcher Mace Mace Flail [Rating: 30] Favorites ----------- Power Ion Engine Engine Ion Engine Power Core Light Nuclear Core Propulsion Light Treads Treads Light Treads Leg Aluminum Leg Flight Unit Improved Flight Unit Utility Cargo Storage Unit Device Improved Terrain Scanner Storage Cargo Storage Unit Processor Improved Targeting Computer Weapon Mini Grenade Launcher Energy Gun Spread Laser Energy Cannon Ion Cannon Ballistic Gun Light Assault Rifle Launcher Mini Grenade Launcher Impact Weapon Flail Build | -11 -10 -10 -10 -9 -8 ------- Run | Yrd Mat Min Exi Min Mat Slots Evolved 4 | . . . . . 4 Power . | . . . . . . Propulsion 4 | . . . . . 4 Utility . | . . . . . . Weapon . | . . . . . . Parts Attached 58 | 8 24 2 . . 24 Power 8 | 1 4 . . . 3 Engine 7 | 1 4 . . . 2 Core 1 | . . . . . 1 Reactor . | . . . . . . Propulsion 24 | 2 8 . . . 14 Treads 18 | 2 7 . . . 9 Leg 1 | . . . . . 1 Wheel . | . . . . . . Hover . | . . . . . . Flight 5 | . 1 . . . 4 Utility 4 | 2 2 . . . . Device 1 | 1 . . . . . Storage 2 | 1 1 . . . . Processor 1 | . 1 . . . . Hackware . | . . . . . . Protection . | . . . . . . Artifact . | . . . . . . Weapon 22 | 3 10 2 . . 7 Energy Gun 10 | 2 5 . . . 3 Energy Cannon 1 | . . . . . 1 Ballistic Gun 6 | 1 2 1 . . 2 Ballistic Cannon . | . . . . . . Launcher 4 | . 3 1 . . . Special Weapon . | . . . . . . Impact Weapon 1 | . . . . . 1 Slashing Weapon . | . . . . . . Piercing Weapon . | . . . . . . Special Melee Weapon . | . . . . . . Unidentified Prototypes 1 | . 1 . . . . Corrupted Parts 1 | . . . . . 1 System Corruption 7 | . . . . . 7 Parts Lost 18 | . 1 . . 1 16 Power 5 | . 1 . . 1 3 Propulsion 10 | . . . . . 10 Utility . | . . . . . . Weapon 3 | . . . . . 3 Highest Loss Streak 7 | . 1 . . 1 7 To Critical Strikes 1 | . . . . . 1 Average Slot Usage (%) 74 | . 82 85 85 83 43 Engine 11 | . 13 14 14 12 5 Treads 24 | . 27 28 28 28 13 Storage 12 | . 14 14 14 14 9 Energy Gun 7 | . 4 14 14 14 3 Ballistic Gun 7 | . 13 2 . . 4 Launcher 7 | . 7 11 14 14 1 Naked Turns . | . . . . . . Heaviest Build 152 | 12 149 149 149 149 152 Greatest Support 126 | 40 40 40 40 40 126 Greatest Overweight (x) 49 | 2 48 3 3 3 49 Average Overweight (x) 3 | . 2 3 3 3 7 Largest Inventory Capacity 30 | 8 30 30 30 30 30 Average Capacity 29 | 7 28 30 30 30 30 Most Carried 30 | 4 30 30 30 30 30 Average Carried 24 | 2 17 29 29 29 29 Final Capacity 30 | 8 30 30 30 30 30 Final Carried 30 | 4 30 30 30 30 28 Class Distribution -------------------- 96% | Hauler-Mutant 3% | Mutant Dominant Class ---------------- Hauler-Mutant | -10/Materials Hauler-Mutant | -10/Mines Hauler-Mutant | -10/Exiles Hauler-Mutant | -9/Mines Hauler-Mutant | -8/Materials Resources | -11 -10 -10 -10 -9 -8 ----------- Run | Yrd Mat Min Exi Min Mat Matter Collected 1356 | 296 417 88 . 146 409 Remotely . | . . . . . . Salvage Created 1687 | 128 565 84 . . 910 Parts 118 | 10 58 5 . . 45 Haulers Intercepted 3 | . 2 . . . 1 Recyclers Shooed 3 | . 1 1 . 1 . Parts Field Recycled . | . . . . . . Retrieved Matter . | . . . . . . Parts Self-Destructed . | . . . . . . Prevented . | . . . . . . Kills | -11 -10 -10 -10 -9 -8 ------- Run | Yrd Mat Min Exi Min Mat Combat Hostiles Destroyed 38 | . 14 4 . . 20 Melee 2 | . . . . . 2 Guns 24 | . 6 2 . . 16 AOE 9 | . 7 2 . . . Classes Destroyed 12 | 3 6 . . . 3 Worker 6 | 1 1 . . . 4 Builder 4 | . 2 . . . 2 Tunneler 5 | 2 1 . . . 2 Hauler 3 | . 2 . . . 1 Recycler 2 | 1 1 . . . . Operator 1 | . 1 . . . . Watcher 3 | . 3 . . . . Swarmer 11 | . 6 2 . . 3 Grunt 22 | . 8 2 . . 12 Brawler 1 | . . . . . 1 Sentry 2 | . . . . . 2 Specialist 2 | . . . . . 2 Best Kill Streak 7 | 2 5 2 . . 7 Combat Bots Only 5 | . 3 2 . . 5 Max Kills in Single Turn 4 | 1 4 2 . . 1 Gunslinging . | . . . . . . Exploded 2 | . 2 2 . . . Melee 1 | . . . . . 1 Uniques/NPCs Destroyed . | . . . . . . Combat | -11 -10 -10 -10 -9 -8 -------- Run | Yrd Mat Min Exi Min Mat Hostile Shots Fired 301 | . 90 20 . . 191 Missed 82 | . 34 6 . . 42 Damage Taken 3365 | . 640 133 . 35 2557 Core 749 | . 156 32 . . 561 Absorbed by Shields . | . . . . . . Regen/Repaired (Parts) 83 | . 83 . . . . Core Remaining (%) 62 | 100 . . . 24 . Volleys Fired 215 | 16 89 10 . 1 99 Largest 2 | 2 2 2 . 1 2 Hottest 128 | 70 70 85 . 65 128 Shots Fired 296 | 32 135 18 . 1 110 Gun 277 | 32 126 17 . 1 101 Cannon 9 | . . . . . 9 Launcher 10 | . 9 1 . . . Special . | . . . . . . Kinetic 149 | 16 80 9 . . 44 Thermal 137 | 16 46 8 . 1 66 Explosive 10 | . 9 1 . . . Electromagnetic . | . . . . . . Robot Hit Streak 18 | 5 7 3 . 1 18 Robot Miss Streak 10 | 2 5 9 . 6 10 Penetration Max . | . . . . . . Secondary Targets . | . . . . . . Shots Hit Robots 212 | 19 73 12 . 1 107 Core Hits 129 | 7 41 14 . 3 64 Critical Kills . | . . . . . . Critical Parts Destroyed 3 | . . . . . 3 Critical Strikes 10 | 4 1 . . . 5 Burn 7 | 4 1 . . . 2 Smash 3 | . . . . . 3 Melee Attacks 15 | . . . . . 15 Impact 15 | . . . . . 15 Slashing . | . . . . . . Piercing . | . . . . . . Sneak Attacks 5 | . . . . . 5 Combat Hostiles . | . . . . . . Follow-up Attacks . | . . . . . . Damage Inflicted 4186 | 191 1479 250 . 18 2248 Guns 2560 | 191 666 147 . 18 1538 Cannons 114 | . . . . . 114 Explosions 916 | . 813 103 . . . Melee 596 | . . . . . 596 Ramming . | . . . . . . Kinetic 1188 | 79 342 36 . . 731 Thermal 1619 | 112 457 111 . 18 921 Explosive 783 | . 680 103 . . . Electromagnetic . | . . . . . . Impact 596 | . . . . . 596 Slashing . | . . . . . . Piercing . | . . . . . . Highest Corruption 7 | . . . . . 7 Average Corruption 7 | . . . . . 7 Corruption Purged . | . . . . . . Corruption Blocked . | . . . . . . Effects 14 | . . . . . 14 Message Errors 3 | . . . . . 3 Matter Fused 1 | . . . . . 1 Heat Flow Errors 3 | . . . . . 3 Energy Discharges 1 | . . . . . 1 Data Loss (minor) 3 | . . . . . 3 Data Loss (major) 1 | . . . . . 1 Alerts 2 | . . . . . 2 Overload Shots . | . . . . . . Overflow Damage 250 | . 42 . . . 208 Projectiles . | . . . . . . Explosions 42 | . 42 . . . . Melee 208 | . . . . . 208 Knockbacks 5 | . . . . . 5 Impact 3 | . . . . . 3 Kinetic . | . . . . . . Secondary 2 | . . . . . 2 Self-Inflicted Damage 27 | . 27 . . . . Shots 2 | . 2 . . . . Rammed . | . . . . . . Targets Rammed . | . . . . . . Kicked . | . . . . . . Crushed . | . . . . . . Highest Temperature 262 | 90 118 140 . 24 262 Average Temperature 69 | 33 44 61 . 14 100 Received Heat Transfer 1395 | . 234 27 . 18 1116 Effects 2 | . . . . . 2 Interference 2 | . . . . . 2 Siege Activations . | . . . . . . Robots Corrupted . | . . . . . . Combat Hostiles . | . . . . . . Parts Fried 5 | . . . . . 5 Impact Corruptions 10 | . . . . . 10 Robots Melted 1 | . 1 . . . . Combat Hostiles 1 | . 1 . . . . Parts Melted 4 | 2 . . . . 2 Heat Transferred 3540 | 629 1042 135 . 25 1709 Parts Sabotaged . | . . . . . . Parts Stolen . | . . . . . . Parts Stripped . | . . . . . . Power Chain Reactions . | . . . . . . Alert | -11 -10 -10 -10 -9 -8 ------- Run | Yrd Mat Min Exi Min Mat Peak Influence 364 | 20 173 132 . 77 364 Initial 29 | . 13 21 . . 29 Average 60 | 7 35 22 . 38 142 Maximum Alert Level 1 | . . . . . 1 Low Security (%) 92 | 100 100 100 . 100 71 Level 1 7 | . . . . . 28 Level 2 . | . . . . . . Level 3 . | . . . . . . Level 4 . | . . . . . . Level 5 . | . . . . . . High Security . | . . . . . . Max Security . | . . . . . . Squads Dispatched 6 | . 2 . . . 4 Investigation 1 | . 1 . . . . Extermination . | . . . . . . Reinforcement 4 | . 1 . . . 3 Assault . | . . . . . . Garrison 1 | . . . . . 1 Intercept . | . . . . . . Searches Triggered . | . . . . . . Construction Impeded . | . . . . . . Haulers Reinforced . | . . . . . . Active Scanning Responses . | . . . . . . Cargo Convoy Interrupts . | . . . . . . Stealth | -11 -10 -10 -10 -9 -8 --------- Run | Yrd Mat Min Exi Min Mat Distress Signals 4 | . 2 . . . 2 Communications Jammed . | . . . . . . Distress Signals . | . . . . . . Times Spotted 83 | . 31 5 . 6 41 Peak Tracking Total 5 | . 5 3 . 3 5 Tactical Retreats 7 | . 2 . . . 5 Traps | -11 -10 -10 -10 -9 -8 ------- Run | Yrd Mat Min Exi Min Mat Traps Triggered 7 | . 6 . . . 1 Indirectly . | . . . . . . Trap Hack Attempts . | . . . . . . Triggered . | . . . . . . Disarmed . | . . . . . . Reprogrammed . | . . . . . . Reused . | . . . . . . Traps Extracted . | . . . . . . Installed . | . . . . . . Triggered . | . . . . . . Machines | -11 -10 -10 -10 -9 -8 ---------- Run | Yrd Mat Min Exi Min Mat Machines Disabled 4 | . 2 . . . 2 Max in Single Turn 2 | . 2 . . . . Machines Repaired . | . . . . . . Machines Dismantled . | . . . . . . Machines Sabotaged . | . . . . . . Overloaded Fab Kills . | . . . . . . Hacking | -11 -10 -10 -10 -9 -8 --------- Run | Yrd Mat Min Exi Min Mat Machines Accessed 11 | . 10 . 1 . . Terminals 7 | . 7 . . . . Fabricators . | . . . . . . Repair Stations 1 | . 1 . . . . Recycling Units 2 | . 2 . . . . Scanalyzers . | . . . . . . Garrison Access . | . . . . . . Total Hacks 32 | . 23 . 9 . . Successful 21 | . 12 . 9 . . Failed 11 | . 11 . . . . Catastrophic 1 | . 1 . . . . Database Lockouts . | . . . . . . Manual 18 | . 17 . 1 . . Terminals 17 | . 17 . . . . Fabricators . | . . . . . . Repair Stations 3 | . 3 . . . . Recycling Units 3 | . 3 . . . . Scanalyzers . | . . . . . . Garrison Access . | . . . . . . Terminal Hacks 11 | . 2 . 9 . . Record 9 | . . . 9 . . Branch Access Points 1 | . 1 . . . . Terminal Index 1 | . 1 . . . . Fabricator Hacks . | . . . . . . Repair Station Hacks 2 | . 2 . . . . Scan Component 1 | . 1 . . . . Repair 1 | . 1 . . . . Recycling Unit Hacks 1 | . 1 . . . . Retrieve Components 1 | . 1 . . . . Scanalyzer . | . . . . . . Garrison Access Hacks . | . . . . . . Unauthorized Hacks 7 | . 7 . . . . Terminals 7 | . 7 . . . . Botnet 7 | . 7 . . . . Fabricators . | . . . . . . Repair Stations . | . . . . . . Recycling Units . | . . . . . . Scanalyzers . | . . . . . . Garrison Access . | . . . . . . Data Cores Recovered . | . . . . . . Used . | . . . . . . Hacking Detections 7 | . 7 . . . . Full Trace Events 2 | . 2 . . . . Feedback Events . | . . . . . . Feedback Blocked . | . . . . . . Robot Schematics Acquired . | . . . . . . Robots Built . | . . . . . . Authchips . | . . . . . . Time . | . . . . . . Total Robot Build Rating . | . . . . . . Part Schematics Acquired . | . . . . . . Parts Built . | . . . . . . Authchips . | . . . . . . Time . | . . . . . . Total Part Build Rating . | . . . . . . Parts Repaired 1 | . 1 . . . . Time 26 | . 26 . . . . Parts Recycled . | . . . . . . Recycled Matter . | . . . . . . Retrieved Matter . | . . . . . . Retrieved Components . | . . . . . . Parts Scanalyzed . | . . . . . . Part Schematics Acquired . | . . . . . . Parts Damaged . | . . . . . . Bothacking | -11 -10 -10 -10 -9 -8 ------------ Run | Yrd Mat Min Exi Min Mat Used RIF Installer . | . . . . . . Robots Hacked . | . . . . . . Non-combat . | . . . . . . Combat . | . . . . . . Robot Hacks Applied . | . . . . . . Relay Couplers Released . | . . . . . . Fabnet Peak Effective % . | . . . . . . Robots Rewired 3 | . . . 3 . . Allies Hacked . | . . . . . . Hacks Repelled . | . . . . . . Allies | -11 -10 -10 -10 -9 -8 -------- Run | Yrd Mat Min Exi Min Mat Total Allies 7 | . . 4 3 . . Largest Group 6 | . . 3 6 6 3 Highest-Rated Group 90 | . . 40 90 90 50 Highest-Rated Ally 31 | . . 31 21 21 21 Total Orders . | . . . . . . Ally Attacks 67 | . . . . 20 47 Total Damage 1151 | . . . . 358 793 Kills 14 | . . . . 6 8 Allies Corrupted . | . . . . . . Allies Melted . | . . . . . . Intel | -11 -10 -10 -10 -9 -8 ------- Run | Yrd Mat Min Exi Min Mat Robot Analysis Total . | . . . . . . Derelict Logs Recovered 3 | . . 2 . 1 . Drone Launches . | . . . . . . Drone Recoveries . | . . . . . . Exploration | -11 -10 -10 -10 -9 -8 ------------- Run | Yrd Mat Min Exi Min Mat Turns Passed 10173 | 186 4151 1525 1616 502 2193 Spaces Moved 2285 | 81 1010 374 401 125 294 Core 25 | 6 4 . . . 15 Treads 2223 | 75 1006 374 401 125 242 Legs 37 | . . . . . 37 Wheels . | . . . . . . Hover . | . . . . . . Flight . | . . . . . . Fastest Speed 50 | 50 160 400 400 400 228 Average Speed 413 | 155 380 400 400 400 642 Slowest Speed 2500 | 160 2450 400 400 400 2500 Overloaded Moves . | . . . . . . Propulsion Burnouts . | . . . . . . Robots Hopped . | . . . . . . Cave-ins Triggered . | . . . . . . Exploration Rate (%) 56 | 6 100 86 89 28 28 Regions Visited 5 Branch Regions 3 Pre-discovered Areas 1 | . . 1 . . . Known Exits Taken 1 | . 1 . . . . Unknown Exits Taken 4 | 1 . 1 1 1 . Scrap Searched 1 | . . 1 . . . Spaces Dug . | . . . . . . Terrain Destroyed 69 | . 57 11 . . 1 Melee . | . . . . . . Projectile 1 | . . . . . 1 AOE 68 | . 57 11 . . . Terrain Rammed . | . . . . . . Walls Destroyed . | . . . . . . Machines Disabled . | . . . . . . Actions | -11 -10 -10 -10 -9 -8 --------- Run | Yrd Mat Min Exi Min Mat Total 2723 | 108 1203 392 419 131 470 Wait 33 | . 27 . . . 6 Move 2280 | 80 1009 373 400 124 294 Hop . | . . . . . . Pick Up 71 | 4 41 3 3 3 17 Fast Attach 24 | 7 9 . . . 8 Attach 18 | . 6 . . . 12 Detach 6 | . 2 . . . 4 Swap 16 | 1 9 2 . . 4 Drop 32 | . 11 4 3 3 11 Fire 215 | 16 89 10 . 1 99 Melee 15 | . . . . . 15 Ram . | . . . . . . Kick . | . . . . . . Crush . | . . . . . . Escape Stasis . | . . . . . . Rewire 13 | . . . 13 . . Trap . | . . . . . . Miscellaneous . | . . . . . . Route ------- -11/Scrapyard -10/Materials (discovered 6 exits: *Mat x3 / *Min x2 / [*Sub]) -10/Mines (discovered 4 exits: *Mat x2 / *Exi / [*Sub]) -10/Exiles -9/Mines -8/Materials (discovered 1 exit: [*Fac]) History --------- Turn | Location | Event 21 | -11/Scrapyard | Discovered new exit (range 14) 187 | -11/Scrapyard | Entered Materials 312 | -10/Materials | Build established: Mutant 337 | -10/Materials | Discovered new exit (range 8) 593 | -10/Materials | Discovered new exit (range 8) 705 | -10/Materials | Build established: Hauler-Mutant 803 | -10/Materials | Core integrity fell below 50% 1199 | -10/Materials | Discovered new exit (range 16) 1365 | -10/Materials | Discovered new exit (range 13) 1381 | -10/Materials | Discovered new exit (range 8) 1536 | -10/Materials | Discovered new exit (range 10) 2036 | -10/Materials | Repaired Lgt. Treads 4246 | -10/Materials | Identified exit to Mines 4338 | -10/Materials | Entered Mines 4405 | -10/Mines | Discovered new exit (range 16) 4425 | -10/Mines | Learned location of Storage (-8) 4939 | -10/Mines | Received a Mining Laser from a helpful Derelict 5015 | -10/Mines | Discovered new exit (range 5) 5239 | -10/Mines | Assisted by bots powering up and referring to "LRC-V3" 5263 | -10/Mines | Identified exit to Materials 5690 | -10/Mines | Received a Rocket Launcher from a helpful Derelict 5843 | -10/Mines | Deemed a non-threat by the Exiles lab entrance 5847 | -10/Mines | Discovered new exit (range 5) 5863 | -10/Mines | Entered Exiles 5863 | -10/Exiles | Found Exiles lab destroyed 5863 | -10/Exiles | Accompanied by 3 allies 7435 | -10/Exiles | Discovered new exit (range 11) 7479 | -10/Exiles | Entered Mines 7479 | -9/Mines | Accompanied by 6 allies 7519 | -9/Mines | Learned Materials garrison access intel 7901 | -9/Mines | Discovered new exit (range 11) 7981 | -9/Mines | Entered Materials 7981 | -8/Materials | Accompanied by 4 allies 7981 | -8/Materials | Evolved 4 slots: Propulsion x4 7982 | -8/Materials | Loaded intel: 1 garrison access location 8063 | -8/Materials | Garrison activated, responded to threat 8239 | -8/Materials | Discovered new exit (range 7) 8487 | -8/Materials | Lost 7 parts (1p5n1w) 9295 | -8/Materials | Core integrity fell below 50% 9656 | -8/Materials | Core integrity fell below 20% 9706 | -8/Materials | Lost 3 parts (1p1n1w) 10174 | -8/Materials | Destroyed by G-47 Trooper with Particle Gun Last Messages --------------- 10054_ K-01 Serf collects debris. 10055_ System corrupted: Heat flow error (+192). 10056_ K-01 Serf destroyed. 10057_ K-01 Serf collects debris. 10064_ Acquired 10 matter. 10067_ K-01 Serf collects debris. 10077_ U-05 Engineer builds a Wall. 10078_ K-01 Serf collects debris. 10105_ System corrupted: Substantial component data lost. 10106_ K-01 Serf collects debris. 10120_ L>YZCHC3RU0L6CWTZO|SHUDNMAN%8 10126_ K-01 Serf collects debris. 10138_ A-02 Transporter destroyed. 10139_ K-01 Serf collects debris. 10149_ System corrupted: Component data lost. 10149_ K-01 Serf collects debris. 10169_ System corrupted: IFF burst signal emitted. 10169_ Acquired Lgt. Treads. Map ----- +----------------------------------------------------+ | "??????????# ?????????######## #????????????? | | "??????????# #?######### ] % # < #????????????? | | ???????????# # # # #????????????? | | ???????????# # """ """ #""" + #????????????? | | ???#######?# # """ """ #""" # #????????????? | | ???+ ?# # """ """ #""" # #??????####### | | ???# * ?# # # # ######## | | ???# !# # ##+##### # # | | ???# ! # # ## #???# # # | | ???# # # ## #???# # """ + ! | | ???+ # #######+#### ##### / """ # | | ???# # ^ # """ #[ " | | ???# + # # """ | | ???#!! # % ######+# """ | | ???#!= #%= ######????# # | | ???# # ^ #?????????# ####### | | ##########"# = ########### #?# " | | #* ###### = "" """ # # #?# " | | %[ %= % !! """""""" # # #?# " | | #% / ! % % !! " """ # #*### ! | | # *%[%* # #!%*+ | | # !% #### % # """ """ #%####### | | ## ##??# ######## # """ """ #*#?##### | | ?# #???# # # !*! # """ """ #%#?# | | ?# #???# # ?# !*%%* # # #?# ! | | ?# #???# # !! # ![@ ###+####### ### | | ?# #???# # ! # * # ] | | ?# #???# # + a% % m + | | ?# #???# # # gk g ^%% # ]] | | ?# #???# # ## ######+###########+#### ] | | ?# #???# # ??# # ## [= !!# ]] | | ?# #???# # ??# # ## """ = !]##### | | ?# #???# # ???# # = ## "R % ! #???? | | ?# #???# # ???# # ## """ #???? | | ?#% #???? # ????# # """ """ ## #???? | | ## #???????# ????# # """ """ ## #???? | | #???????###?????# # """ """ # #???? | | #???????????????# # #############???? | | #???????????????? #######/###???????????????? | | ######???????????????? ??????? ?????????????????? | | ?????????????????????? ??????? ?????????????????? | | ?????????????????????? ???????? ?????????????????? | | ??????????????????????#????????#?????????????????? | | ?????????????????????????????????????????????????? | | ?????????????????????????????????????????????????? | | ?????????????????????????????????????????????????? | | ?????????????????????????????????????????????????? | | ?????????????????????????????????????????????????? | | ?????????????????????????????????????????????????? | | ?????????????????????????????????????????????????? | +----------------------------------------------------+ Best States ------------- Heat Dissipation 31 Energy Generation 15 Energy Capacity 265 Matter Stores 300 Matter Capacity 300 Sight Range 16 Terrain Scan Range 16 Terrain Scan Density 10 Evasion (%) 40 Targeting Accuracy 6 Recoil Reduction 6 Item Schematics ----------------- None Robot Schematics ------------------ None Fabricated ------------ Nothing Alien Tech Used ----------------- None Achievements -------------- None Challenges ------------ None Game ------ Seed InertialMediumSword Manual? 0 Play Time 00:34:11 Cumulative 130.6 hours Start 2024.04.28 @ 15:37:43 End 2024.04.28 @ 16:17:34 Sessions 1 Manual Loads 0 Difficulty Rogue Special Mode None Game No. 148 Rogue 148 Adventurer 0 Explorer 0 Win Type - Total 0 Types 0/0/0/0/0/0/0/0/0 Lore% 30 Gallery% 58 Achievement% 41 Wizard Run 0 Options --------- Layout 1 ASCII 0 Keyboard 1 Movement Vi Keybinds 0 Fullscreen 1 Font 24/Smallcaps Map View 50x35 Zoom Use 0% Tactical HUD 1 Map Filters NONE Filters NONE Steam 1 RUN: 71275cb1-8fc9-48f6-8c1f-9304e16cb8b3